 Dungeon Crawl Stone Soup version 0.16-a0-4083-g5af668b (console) character file.

473 mauris the Magician (level 6, -3/39 HPs)
             Began as a High Elf Warper on Feb 22, 2015.
             Killed from afar by Ijyb (6 damage)
             ... with a wand of frost
             ... on level 3 of the Dungeon.
             The game lasted 00:20:27 (6555 turns).

mauris the Magician (High Elf Warper)               Turns: 6555, Time: 00:20:27

Health: -3/39      AC:  6    Str: 11    XL:     6   Next: 83%
Magic:  19/20      EV: 12    Int: 19    God:
Gold:   180        SH:  0    Dex: 14    Spells: 6 memorised, 0 levels left

rFire  . . .     SeeInvis .     a - +0 falchion
rCold  . . .     Clarity  +     b - +0 leather armour
rNeg   . . .     SustAb   .     (no shield)
rPois  .         Gourm    .     h - +0 helmet
rElec  .         Spirit   .     (no cloak)
rCorr  .         Warding  .     (no gloves)
rMut   .         Stasis   .     (no boots)
MR     .....                    i - amulet of clarity
Stlth  ..........               o - +2 ring of protection
                                k - ring of loudness

@: not resistant to hostile enchantments, extremely unstealthy
A: no striking features
a: no special abilities


You were on level 3 of the Dungeon.
You were not hungry.

You visited 1 branch of the dungeon, and saw 4 of its levels.

You collected 180 gold pieces.

Inventory:

Hand weapons
 a - a +0 falchion (weapon)
 e - a +0 dagger
Missiles
 v - 91 stones (quivered)
Armour
 b - a +0 leather armour (worn)
 h - a +0 helmet (worn)
Jewellery
 i - an amulet of clarity (around neck)
 k - a ring of loudness (left hand)
 o - a +2 ring of protection (right hand)
 q - an uncursed ring of see invisible
Magical devices
 r - a wand of random effects (21)
Scrolls
 d - 2 scrolls of blinking
 g - 2 scrolls of remove curse
 j - a scroll of amnesia
 l - a scroll of fog {unknown}
 p - a scroll of enchant weapon {unknown}
 t - a scroll of teleportation {unknown}
Books
 c - a book of Spatial Translocations

   Spells                             Type                      Level
   a - Apportation                    Translocation                1
   b - Blink                          Translocation                2
   c - Shroud of Golubria             Charms/Translocation         2
   d - Portal Projectile              Translocation                3
   e - Teleport Other                 Translocation                3
   f - Passage of Golubria            Translocation                4
Comestibles
 f - 4 bread rations
 n - a meat ration
 s - a chunk of flesh
 u - 3 fruits


   Skills:
 - Level 2.2 Fighting
 - Level 4.8 Long Blades
 + Level 2.5 Throwing
 - Level 1.2 Armour
 - Level 2.1 Dodging
 - Level 5.1 Spellcasting
 - Level 5.1 Translocations


You couldn't memorise any spells.
You knew the following spells:

 Your Spells              Type           Power        Failure   Level  Hunger
a - Teleport Other        Tloc           ###.....     10%         3    ##.....
b - Passage of Golubria   Tloc           N/A          24%         4    ####...
c - Portal Projectile     Tloc           ###...       10%         3    ##.....
g - Shroud of Golubria    Chrm/Tloc      ##........   12%         2    #......
A - Apportation           Tloc           ###.......   1%          1    None
B - Blink                 Tloc           N/A          3%          2    #......


Dungeon Overview and Level Annotations

Branches:
Dungeon (4/15)
 Temple: D:4-7

Altars:

Annotations:
D:3 Ijyb


Message History

Ijyb zaps a wand.
The puff of frost hits you!
* * * LOW HITPOINT WARNING * * *
Huge Dmg: -13%(-5hp) hp: 21%(8hp)
You aren't carrying any potions.
You aren't carrying any potions.
Unknown command.
Ijyb closely misses you.
Casting: Blink
Confirm with . or Enter, or press ? or * to list all spells.
You blink.
A bat comes into view.
The bat closely misses you.
Ijyb zaps a wand.
The puff of frost hits you!
* * * LOW HITPOINT WARNING * * *
Huge Dmg: -13%(-5hp) hp: 8%(3hp)
The bat closely misses you. The bat misses you.
The bat hits you but does no damage. The bat hits you but does no damage.
The bat barely misses you. The bat barely misses you.
Ijyb zaps a wand.
The puff of frost hits you!
You die...

...# #..........# ...#
#######..#.# ...##
####..#.###### ....#
####............# ....#
#.....#.#.#####.#
###.####.##..#...# #.#
#............#..####.#
###.###..##g.......#.#####.#
#..........##..#@..<.......#
#.#.#...##.##..b...#########
#.#.#...##.##........####
#.#.#...................#
#.#..........#.#.....####
#.###.#...#..#.#.......#
#.###.#................#
#.......)###....#......###
##.........#.......#.....#


You could see Ijyb and a bat.

Vanquished Creatures
  A scorpion (D:4)
  A hound (D:4)
  3 orc priests
  An orc wizard (D:4)
  A worker ant (D:4)
  Terence (D:2)
  Robin (D:2)
  2 gnolls (D:2)
  6 adders
  4 river rats (D:2)
  2 oozes
  18 orcs
  A ball python (D:3)
  7 bats
  19 goblins
  14 hobgoblins
  5 jackals
  3 kobolds
  A giant cockroach (D:1)
  2 giant newts (D:4)
  A quokka skeleton (D:4)
  15 rats
109 creatures vanquished.

Notes
Turn   | Place    | Note
--------------------------------------------------------------
     0 | D:1      | mauris, the High Elf Warper, began the quest for the Orb.
     0 | D:1      | Reached XP level 1. HP: 14/14 MP: 4/4
   141 | D:1      | Reached skill level 1 in Armour
   160 | D:1      | Huge Dmg: 4 Dmg
   408 | D:1      | Reached XP level 2. HP: 14/19 MP: 6/6
   536 | D:1      | Huge Dmg: 4 Dmg
   538 | D:1      | Huge Dmg: 4 Dmg
   774 | D:1      | rip
   778 | D:1      | Learned a level 2 spell: Blink
   781 | D:1      | Learned a level 2 spell: Shroud of Golubria
   855 | D:1      | Huge Dmg: 5 Dmg
  1473 | D:1      | Huge Dmg: 4 Dmg
  1612 | D:2      | Huge Dmg: 6 Dmg
  1613 | D:2      | Huge Dmg: 6 Dmg
  1842 | D:2      | Noticed Terence
  1849 | D:2      | Huge Dmg: 4 Dmg
  1854 | D:2      | Huge Dmg: 4 Dmg
  1857 | D:2      | Huge Dmg: 2 Dmg
  1858 | D:2      | Huge Dmg: 5 Dmg
  1860 | D:2      | Killed Terence
  1860 | D:2      | Reached XP level 3. HP: 16/24 MP: 8/8
  1978 | D:2      | Noticed Robin
  2009 | D:2      | Killed Robin
  2170 | D:2      | Reached skill level 4 in Long Blades
  2271 | D:2      | Huge Dmg: 5 Dmg
  2275 | D:2      | Reached XP level 4. HP: 16/29 MP: 11/11
  2437 | D:2      | Huge Dmg: 9 Dmg
  2438 | D:2      | Huge Dmg: 5 Dmg
  2690 | D:2      | Huge Dmg: 6 Dmg
  3021 | D:2      | Huge Dmg: 6 Dmg
  3106 | D:2      | Huge Dmg: 8 Dmg
  3290 | D:2      | Huge Dmg: 9 Dmg
  3372 | D:4      | Huge Dmg: 7 Dmg
  3374 | D:4      | Reached XP level 5. HP: 15/34 MP: 8/14
  3397 | D:4      | Huge Dmg: 3 Dmg
  3567 | D:4      | Huge Dmg: 4 Dmg
  4105 | D:4      | Huge Dmg: 8 Dmg
  4112 | D:4      | Huge Dmg: 4 Dmg
  4226 | D:4      | Reached skill level 5 in Spellcasting
  4539 | D:4      | Learned a level 3 spell: Teleport Other
  4544 | D:4      | Learned a level 4 spell: Passage of Golubria
  4658 | D:4      | Reached XP level 6. HP: 33/39 MP: 16/20
  4708 | D:4      | Noticed an ogre
  4715 | D:4      | Huge Dmg: 30 Dmg
  5017 | D:3      | Learned a level 3 spell: Portal Projectile
  5085 | D:2      | Huge Dmg: 8 Dmg
  5775 | D:3      | Huge Dmg: 11 Dmg
  5902 | D:3      | Huge Dmg: 10 Dmg
  5904 | D:3      | Huge Dmg: 12 Dmg
  5912 | D:3      | Huge Dmg: 4 Dmg
  6053 | D:3      | Huge Dmg: 8 Dmg
  6055 | D:3      | Reached skill level 5 in Translocations
  6216 | D:4      | Huge Dmg: 8 Dmg
  6295 | D:4      | Huge Dmg: 23 Dmg
  6533 | D:3      | Noticed Ijyb
  6544 | D:3      | Huge Dmg: 6 Dmg
  6546 | D:3      | Huge Dmg: 6 Dmg
  6547 | D:3      | Huge Dmg: 5 Dmg
  6550 | D:3      | Huge Dmg: 5 Dmg
  6555 | D:3      | Killed from afar by Ijyb

Action                   |  1- 3 |  4- 6 || total
-------------------------+-------+-------++-------
Melee: Falchion          |   154 |   358 ||   512
Throw: Tomahawk          |     5 |       ||     5
       Stone             |       |    31 ||    31
 Cast: Blink             |     1 |    18 ||    19
       Shroud of Golubri |       |    16 ||    16
       Portal Projectile |       |     9 ||     9
Evoke: Wand              |       |     1 ||     1
  Use: Scroll            |     3 |     1 ||     4
       Potion            |     1 |     2 ||     3
  Eat: Chunk             |     4 |    16 ||    20

Vault maps used:
D:1:      dpeg_arrival_rooms_b
D:2:      wad_woods_tower, uniq_terence, uniq_robin
D:3:      minmay_misc_feat_cross, uniq_iyjb, uniq_crazy_yiuf_cottage
D:4:      nicolae_overflow_hidden_temple, grunt_temple_overflow_open,
          first_bread
